[Event "*** Titled Tuesday 3|2 Blitz"]
[Site "Chess.com"]
[Date "2016.03.01"]
[Round "9"]
[White "kleinebeer98"]
[Black "Yaacovn"]
[Result "1-0"]
[WhiteElo "2513"]
[BlackElo "2609"]
[TimeControl "180+2"]
[EndTime "13:33:17 PST"]
[Termination "kleinebeer98 won by resignation"]

1. e4 c6 2. d4 d5 3. Nd2 dxe4 4.
Nxe4 Nf6 5. Nxf6+ gxf6 6. Nf3 Bg4 7. Be2 e6 8. O-O Nd7 9. Nh4 f5 10. g3 Rg8 11. Ng2 Bd6 12. Bf4 Bxf4 13. Nxf4 Qc7 14. Kh1 O-O-O 15. f3 e5 16. fxg4 exf4 17. Rxf4 fxg4 18.
Bxg4 Kb8 19. Rxf7 Qd6 20. Rxd7 Rxd7 21. Bxd7 Qxd7 22. Qd3 Qd5+ 23. Kg1 h5 24. Qe3 Ka8 25. Qe5 Qc4 26. Qe4 a6 27. c3 Rg4 28. Qe8+ Ka7 29.
Qxh5 Qe2 30. Qc5+ b6 31. Qf8 Qe3+ 32. Qf2 1-0

[Event "*** Titled Tuesday 3|2 Blitz"]
[Site "Chess.com"]
[Date "2016.03.01"]
[Round "9"]
[White "Tesla17"]
[Black "evgenyermolaev"]
[Result "1-0"]
[WhiteElo "2293"]
[BlackElo "2072"]
[TimeControl "180+2"]
[EndTime "13:33:46 PST"]
[Termination "Tesla17 won by resignation"]

1. d4 Nf6 2. c4 c5 3. d5 g6 4.
Nc3 Bg7 5. e4 d6 6. Bd3 O-O 7.
h3 e6 8. Nf3 exd5 9. cxd5 b5 10. Nxb5 Re8 11. O-O Nxe4 12. Qa4 Bd7 13. Re1 a6 14. Qa3 Qb6 15. Nc3 Nxc3 16. bxc3 Rxe1+ 17. Nxe1 Bb5 18. Rb1 Ra7 19. c4 Nd7 20. Bf1 Qc7 21. cxb5 axb5 22. Qg3 Rxa2 23. Bxb5 Qa5 24. Bf4 Ne5 25. Nd3 Ra3 26. Qh4 h5 27. Nxe5 dxe5 28. Be3 Qb6 29. Bd3 Qd6 30. Qc4 f5 31. Bxc5 1-0

[Event "*** Titled Tuesday 3|2 Blitz"]
[Site "Chess.com"]
[Date "2016.03.01"]
[Round "9"]
[White "AndrewMcStone"]
[Black "Lupul_Cenusiu"]
[Result "0-1"]
[WhiteElo "1985"]
[BlackElo "2452"]
[TimeControl "180+2"]
[EndTime "13:33:50 PST"]
[Termination "Lupul_Cenusiu won by resignation"]

1. d4 d5 2. c4 e6 3. Nc3 Be7 4. cxd5 exd5 5. Bf4 c6 6. e3 Bd6 7. Bg3 Bxg3 8. hxg3 Nf6 9. Bd3 h6 10. Qc2 Bg4 11.
Nf3 Nbd7 12. a3 Qe7 13. Rc1 O-O 14. Nh4 Rfe8 15. Nf5 Bxf5 16. Bxf5 Nf8 17. O-O g6 18. Bd3 h5 19. Na4 Ng4 20. Qe2 Ne6 21. f3 Nf6 22.
Qf2 Ng5 23. Rce1 Rad8 24. e4 dxe4 25. fxe4 Ng4 26. Qc2 Rxd4 27. e5 Nxe5 28. Bxg6 Nef3+ 29. gxf3 Nxf3+ 30. Rxf3 Qxe1+ 31. Rf1 Qxg3+ 0-1

[Event "*** Titled Tuesday 3|2 Blitz"]
[Site "Chess.com"]
[Date "2016.03.01"]
[Round "9"]
[White "Journey_to_GrandMaster_YT"]
[Black "D-Prawira"]
[Result "1-0"]
[WhiteElo "2255"]
[BlackElo "2191"]
[TimeControl "180+2"]
[EndTime "13:34:11 PST"]
[Termination "Journey_to_GrandMaster_YT won by resignation"]

1. Nf3 Nf6 2. d4 g6 3. g3 Bg7 4. Bg2 d6 5. O-O O-O 6. Nbd2 Nbd7 7. e4 c6 8. Qe2 e5 9. c3 Re8 10.
Qd3 Qc7 11. Re1 a5 12. a4 b6 13. Nc4 Ba6 14. dxe5 dxe5 15. Bf1 Nc5 16. Qc2 Nfxe4 17.
Rxe4 Nxe4 18. Qxe4 f5 19. Qe3 e4 20. Nfd2 c5 21. Na3 Bb7 22. Nb5 Qe7 23. Nc4 Rad8 24. Nxb6 Rd1 25. Nc4 f4 26. Qe2 Rd3 27. Bxf4 Qe6 28.
Ncd6 Bc6 29. Nxe8 Qxe8 30. Re1 Qe6 31. Qxd3 c4 32. Qd8+ Bf8 33. Nd4 1-0

[Event "*** Titled Tuesday 3|2 Blitz"]
[Site "Chess.com"]
[Date "2016.03.01"]
[Round "9"]
[White "FairChess_on_YouTube"]
[Black "MITerryble"]
[Result "1-0"]
[WhiteElo "2741"]
[BlackElo "2643"]
[TimeControl "180+2"]
[EndTime "13:34:53 PST"]
[Termination "FairChess_on_YouTube won on time"]

1. d4 e6 2. Nf3 Nf6 3. Bg5 h6 4. Bh4 d6 5. e3 g5 6. Bg3 Nh5 7. Bd3 Bg7 8. c3 Nd7 9. Nbd2 Qe7 10. Ng1 Nxg3 11. hxg3 f5 12. g4 Nf6 13. gxf5 exf5 14. Ne2 d5 15. Qb3 c6 16. O-O-O Be6 17. Qa4 a5 18. f3 O-O 19. Qc2 Bd7 20. Ng3 Qxe3 21. Bxf5 Qf4 22. Bxd7 Qxg3 23. Be6+ Kh8 24. Qg6 Rae8 25.
Bf7 Rxf7 26. Qxf7 Qxg2 27. Rdg1 Qe2 28. Rxg5 Qe1+ 29. Kc2 Re7 30. Rxh6+ Bxh6 31. Qxf6+ Bg7 32. Qf5 Re2 33. Qc8+ Re8 34. Qg4 Qe7 35. Ne4 1-0

[Event "*** Titled Tuesday 3|2 Blitz"]
[Site "Chess.com"]
[Date "2016.03.01"]
[Round "9"]
[White "Jahonas"]
[Black "KNVB"]
[Result "1-0"]
[WhiteElo "2204"]
[BlackElo "2340"]
[TimeControl "180+2"]
[EndTime "13:34:53 PST"]
[Termination "Jahonas won by resignation"]

1. e4 b6 2. Nf3 Bb7 3. Nc3 e6 4.
d4 Bb4 5. Bd3 Nf6 6. e5 Ne4 7.
Bd2 Bxc3 8. bxc3 d5 9. exd6 Qxd6 10. Qe2 Nf6 11. h3 Nbd7 12. O-O O-O 13. a4 Rfe8 14.
Ne5 Nxe5 15. dxe5 Qd5 16. f4 Ne4 17. Bxe4 Qxe4 18. Qxe4 Bxe4 19. Rf2 Bxc2 20. a5 Be4 21. Be3 h5 22. Rfa2 Bd5 23. Rb2 Kh7 24. Kf2 Red8 25. Rb4 Kg6 26. c4 Bc6 27. c5 b5 28. a6 Rd5 29.
Bd4 h4 30. Ke3 Kf5 31. Rg1 f6 32. g4+ hxg3 33. Rxg3 Rh8 34. Rxg7 Rxh3+ 35. Kf2 Rf3+ 36. Ke2 Rxf4 37. exf6 Rd8 38. Rxc7 Bf3+ 39. Ke3 e5 40. Bc3 Rxb4 41. Bxb4 Bd5 42. Rxa7 Bc4 43. c6 Rd3+ 44. Kf2 Rb3 45. c7 Be6 46. f7 Rb2+ 47.
Ke1 Rf2 1-0

[Event "*** Titled Tuesday 3|2 Blitz"]
[Site "Chess.com"]
[Date "2016.03.01"]
[Round "9"]
[White "Mornar1951"]
[Black "maciek_92"]
[Result "0-1"]
[WhiteElo "2589"]
[BlackElo "2452"]
[TimeControl "180+2"]
[EndTime "13:34:55 PST"]
[Termination "maciek_92 won on time"]

1. Nf3 Nf6 2. c4 c5 3. Nc3 g6 4. d4 cxd4 5. Nxd4 Bg7 6. e4 Nc6 7. Be3 d6 8. Be2 O-O 9. O-O Nxd4 10. Bxd4 Be6 11. Rc1 Qa5 12. Re1 Rac8 13. b3 Nd7 14.
Bxg7 Kxg7 15. Bg4 Qg5 16. Bxe6 fxe6 17. Qd4+ Ne5 18. Ne2 Kg8 19. Ng3 b6 20. Qe3 Qh4 21. h3 Rf6 22. Rc2 Rcf8 23. Rf1 g5 24. Nh1 Rf3 25. Qe2 Rxh3 26. Ng3 Rh2 27. Qe1 Nf3+ 28. gxf3 Qh3 0-1

[Event "*** Titled Tuesday 3|2 Blitz"]
[Site "Chess.com"]
[Date "2016.03.01"]
[Round "9"]
[White "Winehouse83"]
[Black "Rickstereo"]
[Result "1-0"]
[WhiteElo "2366"]
[BlackElo "2182"]
[TimeControl "180+2"]
[EndTime "13:35:00 PST"]
[Termination "Winehouse83 won by resignation"]

1. d4 Nf6 2. c4 g6 3. Nc3 d5 4. Nf3 Bg7 5. Bf4 O-O 6. Rc1 c5 7. dxc5 Qa5 8. cxd5 Ne4 9. Be5 Nxc3 10. Bxc3 Bxc3+ 11. Rxc3 Qxa2 12. Qc1 Qxd5 13. e3 Nc6 14. Bc4 Qe4 15. O-O Bg4 16. Ng5 Qe5 17. f4 Qc7 18.
h3 Bd7 19. Rd1 Rad8 20. Qa1 h6 21. Nf3 Bf5 22. Nh4 Be4 23. Rxd8 Rxd8 24. Qe1 Kg7 25.
Qg3 Rd2 26. b3 Qa5 27. Rc1 Qxc5 28. f5 b5 29. fxg6 fxg6 30. Qf4 Bd5 31. Rf1 e5 32.
Qf6+ 1-0

[Event "*** Titled Tuesday 3|2 Blitz"]
[Site "Chess.com"]
[Date "2016.03.01"]
[Round "9"]
[White "PowerThinking2650"]
[Black "Grootneus"]
[Result "1-0"]
[WhiteElo "2144"]
[BlackElo "2015"]
[TimeControl "180+2"]
[EndTime "13:35:04 PST"]
[Termination "PowerThinking2650 won by resignation"]

1. e4 c5 2. Nf3 Nc6 3. g3 g6 4. Bg2 Bg7 5. O-O e6 6. c3 Nge7 7. d4 d5 8. exd5 Nxd5 9. dxc5 O-O 10. Nbd2 a5 11. a4 b6 12. cxb6 Qxb6 13. Nc4 Qa7 14.
Ne3 Nde7 15. Qc2 Ba6 16. Rd1 Rfd8 17. Bd2 Bd3 18. Qc1 Rab8 19. Be1 Qa6 20. Rd2 Bh6 21.
Qd1 Nf5 22. Nxf5 gxf5 23. h4 f4 24. Ng5 fxg3 25. fxg3 Qa7+ 26. Bf2 Qa6 27. Qh5 Bg7 28. Qxf7+ Kh8 29. Qxe6 Re8 30. Nf7+ Kg8 31. Nh6+ Kh8 32. Qg8+ 1-0

[Event "*** Titled Tuesday 3|2 Blitz"]
[Site "Chess.com"]
[Date "2016.03.01"]
[Round "9"]
[White "kikydu96"]
[Black "Iwannabetheguy"]
[Result "1/2-1/2"]
[WhiteElo "2270"]
[BlackElo "2024"]
[TimeControl "180+2"]
[EndTime "13:35:08 PST"]
[Termination "Game drawn by repetition"]

1. b3 Nf6 2. Bb2 g6 3. Bxf6 exf6 4. c4 Bg7 5. Nc3 O-O 6. Rc1 f5 7. e3 Re8 8. Nf3 c6 9. Be2 d6 10. O-O Nd7 11. d4 Nf6 12. d5 Ne4 13. Nxe4 fxe4 14.
Nd4 c5 15. Nb5 a6 16. Nc3 Qa5 17. Qc2 f5 18. Rfe1 Bd7 19. Bf1 b5 20. f3 exf3 21. gxf3 bxc4 22. Bxc4 Bb5 23. e4 Bxc4 24. bxc4 Bd4+ 25.
Kh1 Bxc3 26. Qxc3 Qxa2 27. exf5 Qf2 28. fxg6 hxg6 29. Rg1 Kf7 30. Qd3 Rg8 31. Rb1 Ra7 32.
Rb6 Re7 33. Qf1 Qxf1 34. Rxf1 Re2 35. Rfb1 Rh8 36. Rxd6 Rhxh2+ 37. Kg1 Rhg2+ 38. Kf1 Rgf2+ 39. Kg1 Rg2+ 40. Kh1 Rh2+ 41. Kg1 Rhg2+ 42. Kf1 Rgf2+ 43. Kg1 Rg2+ 1/2-1/2

[Event "*** Titled Tuesday 3|2 Blitz"]
[Site "Chess.com"]
[Date "2016.03.01"]
[Round "9"]
[White "Saitama_Hero"]
[Black "spectralsoul"]
[Result "1-0"]
[WhiteElo "2129"]
[BlackElo "2540"]
[TimeControl "180+2"]
[EndTime "13:35:10 PST"]
[Termination "Saitama_Hero won on time"]

1. d4 c5 2. d5 Nf6 3. c4 e6 4. Nc3 exd5 5. cxd5 g6 6. e4 d6 7. f4 Bg7 8. Bb5+ Nfd7 9. a4 O-O 10. Nf3 Na6 11.
O-O Nc7 12. Bc4 Nb6 13. Ba2 Bg4 14. a5 Nd7 15. h3 Bxf3 16. Qxf3 b5 17. axb6 axb6 18.
Be3 Kh8 19. e5 dxe5 20. d6 Ne6 21. f5 Nd4 22. Bxd4 exd4 23. Ne4 Qh4 24. f6 Bh6 25. Bd5 Ra5 26. Rxa5 bxa5 27. Qb3 Bf4 28. Qb7 Ne5 29. Qe7 Rg8 30. d7 Be3+ 31. Kh1 Nxd7 32. Qxd7 Rf8 33. Qe7 Bh6 34. Nd6 1-0

[Event "*** Titled Tuesday 3|2 Blitz"]
[Site "Chess.com"]
[Date "2016.03.01"]
[Round "9"]
[White "BahadirOzen"]
[Black "VerdeNotte"]
[Result "0-1"]
[WhiteElo "2540"]
[BlackElo "2559"]
[TimeControl "180+2"]
[EndTime "13:35:15 PST"]
[Termination "VerdeNotte won by resignation"]

1. Nf3 d6 2. d4 Nc6 3. g3 e5 4.
dxe5 Nxe5 5. Bg2 Nxf3+ 6. Bxf3 Nf6 7. O-O Bh3 8. Re1 d5 9. c4 c6 10. cxd5 Nxd5 11. Qb3 Qb6 12. Nc3 Bc5 13. Qxb6 Nxb6 14. Ne4 Bb4 15. Rd1 O-O 16. b3 Nd5 17. Bb2 Rfe8 18.
a3 Bf8 19. Ng5 Bc8 20. e4 Nc7 21. Bg2 Ne6 22. Nf3 Nc5 23. Nd2 Bg4 24. f3 Be6 25. b4 Nd3 26. Bd4 a5 27. Bf1 axb4 28. Bxd3 Red8 29. axb4 Rxa1 30. Bxa1 Rxd3 31. Kf2 Bxb4 32. Ke2 Rd8 33. Bb2 b5 34. g4 c5 35. Bc1 c4 36.
Nb1 Rxd1 37. Kxd1 Bc5 38. Nc3 b4 39. Na4 Bd6 40. Bd2 c3 41. Nxc3 bxc3 42. Bxc3 Bxh2 43. Ke2 g5 44. Bf6 Bf4 45. Kd3 h6 46. Ke2 Kh7 47.
Kf2 Kg6 48. Bd4 h5 49. gxh5+ Kxh5 50. Bf6 Kh4 51. Be7 Kh3 52. Bf6 Bg3+ 53. Ke3 Bh4 54.
Be5 Kg2 55. Bf6 Bf2+ 56. Kd3 Kxf3 57. Bxg5 Bc8 58. e5 Ba6+ 59. Kd2 Ke4 0-1

[Event "*** Titled Tuesday 3|2 Blitz"]
[Site "Chess.com"]
[Date "2016.03.01"]
[Round "9"]
[White "Bentery"]
[Black "Blitzstream"]
[Result "1-0"]
[WhiteElo "2332"]
[BlackElo "2435"]
[TimeControl "180+2"]
[EndTime "13:35:27 PST"]
[Termination "Bentery won by resignation"]

1. Nf3 d5 2. g3 Nf6 3. Bg2 b5 4. O-O c6 5. d3 g6 6. Qe1 Bg7 7. e4 O-O 8. Qe2 a5 9. e5 Ne8 10. h4 Bg4 11. Qe3 Nd7 12. Nh2 Be6 13. f4 Nc7 14. g4 f5 15. g5 c5 16. Nd2 d4 17.
Qh3 Bd5 18. h5 Bxg2 19. Kxg2 Nd5 20. Ndf3 Kf7 21. Nh4 e6 22. Re1 c4 23. Nf1 Nc5 24.
Bd2 cxd3 25. cxd3 Rc8 26. Ng3 Nxd3 27. hxg6+ hxg6 28. Nxg6 Rh8 29. Nxh8+ Bxh8 30. Qh5+ Kg8 31. Qg6+ Kf8 32. Nh5 Rc2 33. Qh6+ Kg8 34. Qxe6+ Kf8 35. Qh6+ Bg7 36. Qxg7+ Ke8 37. Qg6+ Ke7 38. Qg7+ Ke8 39. Nf6+ Qxf6 40. exf6+ Ne3+ 41. Kf3 Nxe1+ 42. Rxe1 Kd8 43. f7 1-0

[Event "*** Titled Tuesday 3|2 Blitz"]
[Site "Chess.com"]
[Date "2016.03.01"]
[Round "9"]
[White "viditchess"]
[Black "arnacman"]
[Result "1-0"]
[WhiteElo "2501"]
[BlackElo "2335"]
[TimeControl "180+2"]
[EndTime "13:35:30 PST"]
[Termination "viditchess won by checkmate"]

1. e4 c5 2. Nf3 d6 3. d4 cxd4 4.
Nxd4 Nf6 5. Nc3 a6 6. Bg5 e6 7. f4 Qc7 8. Bxf6 gxf6 9. Qd3 b5 10. O-O-O Nd7 11. g3 Be7 12. Kb1 Nb6 13. Bh3 Bd7 14. Rhf1 O-O-O 15. a4 Nxa4 16. Nxa4 bxa4 17. Qxa6+ Qb7 18.
Qa5 Kb8 19. Rf3 Rc8 20. Rc3 Rc5 21. Rxc5 dxc5 22. Nf3 Bc6 23. Nd2 Rd8 24. Re1 Rd4 25. Qc3 Qd7 26. Kc1 Bd8 27. Bf1 Qa7 28. Qe3 Ba5 29.
c3 Rd7 30. Nc4 Bc7 31. f5 Re7 32. fxe6 Rxe6 33. Qf3 Bd8 34. Bh3 Re8 35. Bf5 h6 36. Rd1 Bc7 37. Qe3 Bb5 38. Na3 Bc6 39. Qxh6 Bxe4 40. Bxe4 Rxe4 41. Qf8+ Kb7 42. Qxf7 Qb6 43. Nc4 Qb5 44. Nd6+ Kc6 45. Qd5+ Kd7 46. Qf7+ Kc6 47.
Qd5+ Kd7 48. Nxb5+ Ke8 49. Qg8+ Ke7 50. Qh7+ Kf8 51.
Nxc7 a3 52. Rd8+ Re8 53. Ne6# 1-0

[Event "*** Titled Tuesday 3|2 Blitz"]
[Site "Chess.com"]
[Date "2016.03.01"]
[Round "9"]
[White "Tirantes"]
[Black "oskariot"]
[Result "0-1"]
[WhiteElo "2199"]
[BlackElo "2309"]
[TimeControl "180+2"]
[EndTime "13:35:37 PST"]
[Termination "oskariot won on time"]

1. c4 c5 2. Nf3 Nf6 3. e3 d5 4. d4 e6 5. cxd5 Nxd5 6. Nc3 Nxc3 7.
bxc3 Be7 8. Bd3 O-O 9. O-O Nd7 10. e4 cxd4 11. cxd4 b6 12. Bb2 Bb7 13. Qe2 Rc8 14. Rad1 Bd6 15. h4 h6 16. Rfe1 Qe7 17. Qe3 e5 18. Bb5 Bc6 19. Ba6 Rcd8 20. dxe5 Nxe5 21.
Qc3 Nxf3+ 22. gxf3 Qf6 23. Qxf6 gxf6 24. Bxf6 Rd7 25. Rc1 Ba4 26. Rc4 b5 27. Rd4 b4 28.
Rc1 Bf4 29. Rxd7 Bxd7 30. Rd1 Be6 31. Rd4 Rb8 32. e5 Bc1 33. f4 Bxa2 34. f5 Kh7 35. Kf1 h5 36. Rd7 Rb6 37. Rxa7 Rxa6 38. Rxa6 Bc4+ 39. Ke1 Bxa6 40. e6 fxe6 41. fxe6 Kg6 42.
e7 Kf7 43. Kd1 Bf4 44. f3 Bb5 0-1

[Event "*** Titled Tuesday 3|2 Blitz"]
[Site "Chess.com"]
[Date "2016.03.01"]
[Round "9"]
[White "DagurR"]
[Black "davidarenas1224"]
[Result "0-1"]
[WhiteElo "2276"]
[BlackElo "2165"]
[TimeControl "180+2"]
[EndTime "13:36:38 PST"]
[Termination "davidarenas1224 won by checkmate"]

1. d4 Nf6 2. c4 g6 3. Nf3 Bg7 4. g3 O-O 5. Bg2 d6 6. Nc3 c6 7. O-O Qa5 8. e3 e5 9. a3 Re8 10. b4 Qc7 11. Bb2 Nbd7 12. Rc1 a5 13. b5 c5 14. dxe5 dxe5 15. Ng5 Nb6 16. Nce4 Nxe4 17. Nxe4 Be6 18. Qe2 h6 19. g4 Rad8 20. Bc3 Bxc4 21. Qf3 Bxf1 22. Bxf1 Nd5 23. Be1 b6 24.
Bc4 Qe7 25. Nd2 e4 26. Qg2 Kh7 27. Ba2 Nc3 28. Bc4 Qd7 29. Nf1 Nxb5 30. Ng3 Nxa3 31. Be2 Qd5 32. h4 c4 33. h5 Bb2 34. Rd1 Qxd1 35.
Bxd1 Rxd1 36. Nxe4 Rxe1+ 37. Kh2 Be5+ 38. f4 Bg7 39.
hxg6+ fxg6 40. f5 Rxe3 41. Ng3 Be5 42. Qb7+ Kh8 43. Qxb6 Rxg3 44. Kh1 Rxg4 45. Qxa5 Nc2 46. Qa4 Rd8 47. Qxc2 gxf5 48. Qe2 Re4 49. Qc2 Rd3 50. Kg2 Rg4+ 51. Kf2 Bd4+ 52. Kf1 Rg1+ 53. Ke2 Rg2+ 54. Ke1 Rxc2 55. Kf1 Rd1# 0-1

[Event "*** Titled Tuesday 3|2 Blitz"]
[Site "Chess.com"]
[Date "2016.03.01"]
[Round "9"]
[White "KamilPlichta"]
[Black "AdrianaNikolova"]
[Result "1-0"]
[WhiteElo "2406"]
[BlackElo "2143"]
[TimeControl "180+2"]
[EndTime "13:37:10 PST"]
[Termination "KamilPlichta won by resignation"]

1. d4 d5 2. c4 c6 3. Nf3 Nf6 4. Nc3 dxc4 5. a4 Bf5 6. Ne5 Nbd7 7. Nxc4 Qc7 8. g3 e5 9. dxe5 Nxe5 10. Bf4 Nfd7 11.
Bg2 g5 12. Ne3 gxf4 13. Nxf5 f6 14. O-O O-O-O 15. Qc2 Nc4 16. Rfc1 Nc5 17. Nb5 cxb5 18. axb5 Qe5 19. Qxc4 Qxf5 20. b4 fxg3 21. hxg3 b6 22.
bxc5 Bxc5 23. e3 Rd2 24. Qf4 Qxf4 25. gxf4 Kb8 26. Rxa7 Kxa7 27. Ra1+ Kb8 28. Ra8+ Kc7 29. Rxh8 Rd1+ 30. Kh2 Rb1 31. Rxh7+ Kd6 32. Bc6 Rb2 33. Kg3 Bb4 34. Rd7+ Kc5 35. Rd5+ Kc4 36. Rd4+ Kc5 37. Rd1 Bc3 38. Kf3 Kb4 39. Rf1 Bd2 40. Kg4 Bc3 41.
e4 Re2 42. Kf5 Bd4 43. f3 Re3 44. Rd1 Kc3 45. Rxd4 Kxd4 46. Kxf6 Rxf3 47. f5 Re3 48. Ke6 Rh3 49. f6 Rh6 50. Be8 Kc5 51. e5 Kd4 52. Kf5 Rh1 53. f7 Re1 54. f8=Q Rf1+ 55. Ke6 Rxf8 56.
Bc6 Rf2 57. Kd6 Rh2 58. e6 Rh6 59. Bd7 Kc4 60. Kc6 Rg6 61. Kxb6 Kd5 62. Kc7 Kc5 63. e7 Rg2 64. e8=Q Rc2 65. Bc6 Kb4 66. Qe4+ Kb3 67. Qxc2+ 1-0

[Event "*** Titled Tuesday 3|2 Blitz"]
[Site "Chess.com"]
[Date "2016.03.01"]
[Round "9"]
[White "Abdodi"]
[Black "jcgs1030"]
[Result "1/2-1/2"]
[WhiteElo "1984"]
[BlackElo "2225"]
[TimeControl "180+2"]
[EndTime "13:37:34 PST"]
[Termination "Game drawn by agreement"]

1. Nf3 c5 2. g3 Nf6 3. Bg2 g6 4.
O-O Bg7 5. d3 O-O 6. e4 d5 7. exd5 Nxd5 8. c3 Nc6 9. Be3 Nxe3 10. fxe3 Bf5 11. e4 Bg4 12. Qc2 Rc8 13. Nbd2 Qd7 14. Nc4 Rfd8 15. Rad1 b5 16. Ne3 Bxf3 17. Bxf3 Nd4 18. Qf2 Nxf3+ 19. Qxf3 e6 20. Ng4 f5 21. Nf2 Qb7 22. Rfe1 b4 23. Rc1 a5 24. Qe2 Qf7 25. Nh3 e5 26. Ng5 Qxa2 27. exf5 gxf5 28. Qh5 h6 29. Nf3 Qf7 30. Qxf7+ Kxf7 31. Nxe5+ Bxe5 32. Rxe5 Rxd3 33. Rxf5+ Kg6 34. Rcf1 Rc6 35. cxb4 axb4 36.
R5f2 c4 37. Rc1 c3 38. bxc3 Rcxc3 39. Rb1 b3 40. Rbb2 Rc1+ 41. Kg2 Rdc3 42. Kh3 Kg5 43.
Rfd2 R1c2 44. Rd5+ Kg6 45. Rb1 Re2 46. Rb5 Ree3 47.
Rd1 Rc6 48. Rd4 h5 49. Rdb4 Rcc3 50. Rb6+ Kf5 51. R6b5+ Kg6 52. Rd4 Re6 53. Rdd5 h4 54. Kxh4 Re2 55. Kh3 Rcc2 56. Rb6+ Kf7 57. Rxb3 Rxh2+ 58. Kg4 Rc4+ 59. Kf3 Ke6 60. Ra5 Rhc2 61. Rb6+ Rc6 62.
Rxc6+ Rxc6 63. Ra4 Kf5 64. Ra5+ Kg6 65. Kg4 Rc4+ 66.
Kh3 Rb4 67. g4 Rb1 68. Ra6+ Kg5 69. Ra5+ Kg6 70. Ra6+ Kg5 71. Ra5+ Kh6 72. Kg3 Kg6 73. Kf3 Rb3+ 74. Kf4 Rb4+ 75. Kg3 Rb1 76. Ra6+ Kg5 77.
Ra5+ Kg6 78. Ra2 Kg5 79. Ra5+ Kg6 80. Kg2 Rb3 81. g5 Rc3 82. Kf2 Rb3 83. Ke2 Rg3 84. Kd2 1/2-1/2

[Event "*** Titled Tuesday 3|2 Blitz"]
[Site "Chess.com"]
[Date "2016.03.01"]
[Round "9"]
[White "Alexander_Donchenko"]
[Black "Dlugy"]
[Result "0-1"]
[WhiteElo "2586"]
[BlackElo "2606"]
[TimeControl "180+2"]
[EndTime "13:37:45 PST"]
[Termination "Dlugy won by resignation"]

1. d4 Nf6 2. c4 g6 3. g3 Bg7 4. Bg2 O-O 5. Nc3 d6 6. Nf3 c6 7.
O-O Qa5 8. e4 e5 9. h3 Nbd7 10.
Re1 exd4 11. Nxd4 Ne5 12. Bf1 Re8 13. Be3 c5 14. Nb3 Qb4 15. a3 Qb6 16. Kg2 Qd8 17. Nd2 Nc6 18. Qc2 Nd7 19. Nf3 Nde5 20. Qd1 Nxf3 21. Qxf3 Nd4 22. Qd1 Bd7 23. Rb1 Bc6 24. f3 f5 25. Bd3 Nxf3 26. Qxf3 Bxc3 27. bxc3 fxe4 28. Qf1 Rf8 29. Qg1 exd3+ 30. Kh2 Qf6 31. Rf1 Qxc3 32. Bf4 Rae8 33. Rf2 Re2 34. Rf1 Qd4 35. h4 h5 36. Kh3 Rf5 37. Kh2 a6 38. Kh3 b5 39. cxb5 axb5 40. Kh2 c4 41. Rxe2 Qxg1+ 42. Kxg1 dxe2 43. Rc1 d5 44. Kf2 d4 45. Kxe2 Kf7 46.
Rd1 Rd5 47. Kd2 Bd7 48. Re1 c3+ 49. Kc2 Bf5+ 50. Kb3 Rc5 51. Re5 Rxe5 52. Bxe5 c2 53. Kb2 d3 54. Bf4 Ke6 55. Kc1 Kd5 56. Kd2 Kc4 57. Bd6 Kb3 58. Kc1 Kc3 59. Be5+ Kc4 60.
Kd2 Kd5 61. Bc7 Ke4 62. Bd6 Be6 63. Bc7 Bc4 64. Bd6 Kf3 65. Bc7 Ke4 66. Bd6 Bd5 67. Bc7 Be6 68. Bd6 Kd5 69. Be7 Bf5 70. Bf8 Kc4 71.
Bd6 Kb3 72. Kc1 Ka2 73. Bb4 Be4 74. Be7 d2+ 75. Kxd2 Kb1 0-1

[Event "*** Titled Tuesday 3|2 Blitz"]
[Site "Chess.com"]
[Date "2016.03.01"]
[Round "9"]
[White "GianmarcoVaR"]
[Black "Spas_Kozhuharov"]
[Result "1/2-1/2"]
[WhiteElo "2356"]
[BlackElo "2440"]
[TimeControl "180+2"]
[EndTime "13:37:50 PST"]
[Termination "Game drawn - insufficient material"]

1. d4 d5 2. c4 dxc4 3. e3 Nf6 4. Bxc4 e6 5. Nf3 c5 6. O-O Nc6 7. Qe2 cxd4 8. Rd1 Be7 9. Nc3 O-O 10. exd4 Na5 11. Bd3 b6 12. Bg5 Bb7 13. Rac1 Rc8 14. Ne5 Nd5 15. Bd2 Nf6 16. Bb1 Nc6 17. Bg5 Nd5 18.
Bxe7 Ncxe7 19. Qh5 Ng6 20. Bxg6 hxg6 21. Qg4 Nxc3 22.
bxc3 Qf6 23. Nd7 Qe7 24. Nxf8 Qxf8 25. c4 Qa3 26. Rc2 Qa4 27. Qe2 b5 28. Rdc1 bxc4 29. Rxc4 Rxc4 30. Qxc4 Qa3 31. Qc7 Bd5 32. Rc3 Qf8 33.
Qxa7 g5 34. a4 Qb4 35. Qc5 Qxa4 36. h3 Qd1+ 37. Kh2 Qe2 38. Qc8+ Kh7 39. Rc2 Qe4 40. f3 Qf4+ 41. Kg1 Qxd4+ 42. Kh1 Qd1+ 43. Kh2 Kg6 44. Qc3 f6 45. Rd2 Qb1 46. Qc5 Qf5 47. Qc7 Kh7 48. Re2 Qd3 49. Qc2 Qxc2 50. Rxc2 Kg6 51. Kg3 e5 52.
Rc7 Be6 53. h4 gxh4+ 54. Kxh4 Bf5 55. Kg3 Be6 56. Kf2 Bf5 57. Ke3 Kh6 58. Kd2 Be6 59. Re7 Bd5 60. Kc3 g6 61. Kb4 Kg5 62. Kc5 Bb3 63.
Kd6 Bc4 64. Rh7 Bf1 65. Rh1 Bc4 66. Ke7 f5 67. Re1 Kf4 68. Kf6 e4 69. fxe4 fxe4 70. g4 g5 71. Rxe4+ Kxe4 72. Kxg5 Be2 73.
Kh6 Bxg4 1/2-1/2

[Event "*** Titled Tuesday 3|2 Blitz"]
[Site "Chess.com"]
[Date "2016.03.01"]
[Round "9"]
[White "MateusViageiro"]
[Black "chessdude"]
[Result "0-1"]
[WhiteElo "2236"]
[BlackElo "2369"]
[TimeControl "180+2"]
[EndTime "13:37:55 PST"]
[Termination "chessdude won by resignation"]

1. e4 c5 2. Nf3 d6 3. d4 cxd4 4. Nxd4 Nf6 5. Nc3 a6 6. Be3 e5 7. Nb3 Be6 8. f3 h5 9. Qd2 Nbd7 10. O-O-O Rc8 11. Kb1 b5 12. g3 Nb6 13. Na5 b4 14. Ne2 Qc7 15. Nc1 Nc4 16. Nxc4 Bxc4 17. Bxc4 Qxc4 18.
Bg5 Be7 19. Qd3 Qxd3 20. Nxd3 a5 21. Bxf6 Bxf6 22. Nf2 Ke7 23. Rd5 Rc5 24. Rhd1 Rhc8 25. R1d2 Bg5 26. Rxc5 Rxc5 27. Re2 h4 28. Nd3 Rc8 29.
g4 h3 30. b3 Ke6 31. Re1 Bf4 32. Re2 g6 33. Kb2 Bg5 34. a3 Rb8 35. axb4 axb4 36. Rf2 Bf4 37. Nxf4+ exf4 38. Rd2 Rc8 39. Rd3 Rc5 40.
c3 bxc3+ 41. Rxc3 Rb5 42. Rc4 d5 43. exd5+ Rxd5 44. Re4+ Kf6 45. Kc3 Kg5 46. b4 Rd1 47.
b5 Rc1+ 48. Kb2 Rc5 49. Rb4 f5 50. gxf5 Kxf5 51. b6 Rc8 52. b7 Rb8 53. Kc3 g5 54. Kd3 Rd8+ 55. Ke2 Rb8 56. Rb5+ Kf6 57. Kd3 Rd8+ 58. Ke4 Re8+ 59. Kd4 Rb8 60. Kd5 g4 61. fxg4 f3 62. Rb3 Kg5 63. Kc6 Kxg4 64. Rb2 Kf4 65. Kc7 Rxb7+ 66. Kxb7 Ke3 67. Rb3+ Ke2 68. Rb2+ Kf1 69.
Kc6 f2 70. Kd5 Kg1 71. Rb1+ Kxh2 72. Ke4 Kg2 73. Kf4 h2 74. Ke3 f1=Q 75. Rxf1 Kxf1 0-1

[Event "*** Titled Tuesday 3|2 Blitz"]
[Site "Chess.com"]
[Date "2016.03.01"]
[Round "9"]
[White "Mischuk_D"]
[Black "jk13"]
[Result "0-1"]
[WhiteElo "2520"]
[BlackElo "2458"]
[TimeControl "180+2"]
[EndTime "13:37:56 PST"]
[Termination "jk13 won by resignation"]

1. e4 e5 2. Nf3 Nc6 3. Bb5 Nf6 4. O-O Nxe4 5. Re1 Nd6 6. Nxe5 Be7 7. Bf1 Nf5 8. c3 Nxe5 9. Rxe5 d6 10. Re1 O-O 11. d4 d5 12. Nd2 Bf6 13. Nf3 Ne7 14.
h3 Ng6 15. Bd3 c6 16. a4 a5 17. Bd2 Re8 18. Qc2 Bd7 19. Ne5 Nxe5 20. dxe5 Bxe5 21. Bxh7+ Kh8 22. Bf5 Bxf5 23. Qxf5 Qf6 24. Qh5+ Kg8 25. Bg5 Qf5 26. Qh4 Re6 27. Be3 Rae8 28. Rad1 Bc7 29. Kf1 Qc2 30. Rd2 Qb3 31. Qg4 R8e7 32. Rde2 Bd6 33.
h4 Bc5 34. Bxc5 Rxe2 35. Bxe7 Rxe1+ 36. Kxe1 Qxb2 37. Qc8+ Kh7 38. Qf5+ Kg8 39. Qe5 Qa1+ 40. Ke2 Qxa4 41. h5 Qg4+ 42. Kd2 Qxg2 43. Bc5 Qf3 44. Bd4 f6 45. Qe8+ Kh7 46. Qg6+ Kg8 47. h6 Qf4+ 48.
Be3 Qc7 49. Bf4 Qxf4+ 50. Kd1 Qxh6 51. Qe8+ Kh7 52. Qa8 Qh5+ 53. Kd2 Qg5+ 54. Ke2 Qg4+ 55. Kd2 Qf4+ 56. Ke2 Qe4+ 57. Kd2 a4 58. Qxb7 c5 59.
Qa8 f5 60. Qa7 c4 61. Kc1 Qe1+ 62. Kc2 Qe2+ 63. Kc1 Qd3 64. Qa5 Qf1+ 65. Kb2 Qxf2+ 66. Ka3 Qf3 67. Kxa4 Qe4 68. Qd8 Qf3 69. Kb4 f4 70. Qh4+ Kg6 71. Qe7 Qe4 72. Qd6+ Kh5 73. Qf8 g5 74. Qf7+ Kg4 75. Qd7+ Kg3 76. Qg7 g4 77. Qh6 d4 78. Kxc4 d3+ 79. Kb3 d2 80. Qd6 Qb1+ 81. Kc4 d1=Q 82. Qd2 Qxd2 0-1